 Dungeon Crawl Stone Soup version 0.20.1-1-g8b1a95d (webtiles) character file.

152 slep the Chopper (level 5, 0/39 HPs)
             Began as a Demonspawn Gladiator on Dec 19, 2017.
             Slain by an adder (5 damage)
             ... on level 3 of the Dungeon.
             The game lasted 00:05:06 (1538 turns).

slep the Chopper (Demonspawn Gladiator)             Turns: 1538, Time: 00:05:07

Health: 0/39       AC:  5    Str: 14    XL:     5   Next: 11%
Magic:  5/5        EV: 13    Int: 10    God:
Gold:   132        SH:  4    Dex: 15    Spells: 4/4 levels left

rFire    . . .     SeeInvis .   a - +0 war axe
rCold    + . .     Gourm    .   (no shield)
rNeg     . . .     Faith    .   b - +0 leather armour
rPois    .         Spirit   .   c - +0 helmet
rElec    .         Reflect  .   v - +0 cloak
rCorr    .         Harm     .   (no gloves)
MR       .....                  (no boots)
Stlth    +.........             (no amulet)
Regen    0.2/turn               j - ring of protection from cold
MPRegen  0.1/turn               (no ring)

@: lethally poisoned (0 -> -4), drained
A: hooves 1, large bone plates 1
a: no special abilities


You were on level 3 of the Dungeon.
You were not hungry.

You visited 1 branch of the dungeon, and saw 3 of its levels.

You collected 132 gold pieces.

Inventory:

Hand Weapons
 a - a +0 war axe (weapon)
Missiles
 d - 3 throwing nets (quivered)
Armour
 b - a +0 leather armour (worn)
 c - a +0 helmet (worn)
 v - a +0 cloak (worn)
Jewellery
 j - a ring of protection from cold (left hand)
Scrolls
 e - 2 scrolls of enchant armour {unknown}
 h - 2 scrolls of fog {unknown}
 k - a scroll of remove curse {unknown}
 l - a scroll of random uselessness {unknown}
 o - a scroll of teleportation {unknown}
 p - 5 scrolls of identify {unknown}
 r - a scroll of amnesia {unknown}
 s - a scroll of fear {unknown}
 t - a scroll of magic mapping {unknown}
 u - a scroll of enchant weapon {unknown}
Potions
 g - a potion of curing {unknown}
 m - a potion of cancellation {unknown}
 n - a potion of resistance {unknown}
Comestibles
 f - 2 bread rations
 i - 3 meat rations
 q - a royal jelly


   Skills:
 + Level 2.4(2.3) Fighting
 + Level 4.2(4.0) Axes
 + Level 1.7(1.6) Throwing
 + Level 1.8(1.7) Armour
 + Level 3.3(3.1) Dodging


You had 4 spell levels left.
You didn't know any spells.

Dungeon Overview and Level Annotations

Branches:
Dungeon (3/15)

Altars:

Annotations:
D:2 Terence


Innate Abilities, Weirdness & Mutations

You have large cloven feet.
You are partially covered in large bone plates. (SH +4)


Message History

The orc wizard is severely wounded.
You closely miss the orc. You barely miss the orc. You hit the adder.
The adder bites you but does no damage.
The orc wizard hits you but does no damage.
You block the orc's attack. The orc hits you but does no damage.
The adder bites you but does no damage.
The orc wizard gestures at you while chanting.
The puff of frost hits you! You resist.
* * * LOW HITPOINT WARNING * * *
You barely miss the orc wizard. Your kick misses the orc wizard.
The orc wizard is severely wounded.
You closely miss the adder. You hit the orc. x2
You kill the orc!
The adder bites you.
* * * LOW HITPOINT WARNING * * *
You are poisoned.
The adder poisons you! The orc wizard hits you with a dagger.
* * * LOW HITPOINT WARNING * * *
You block the orc's attack. The adder bites you.
You die...

# ## .##
#########
..#
#.......#
#.##
#.......#
#..#
#......%#
##.##♣♣.♣♣##
#o).....#
##..........
#@).....#
##.#♣♣.♣♣#.
#So.....#
###.#
#.......#
...##
[.......#
##.#
.....w...
#.#
..(.......
#.#
..........
#.#
...........
#.#


You could see a worm, an orc wizard, an adder and an orc.

Vanquished Creatures
  Natasha (twice) (D:2)
  3 adders (D:2)
  An ooze (D:2)
  2 worms (D:2)
  A dart slug (D:2)
  A leopard gecko (D:1)
  7 orcs (D:3)
  3 giant cockroaches
  5 goblins
  4 hobgoblins
  4 jackals (D:1)
  A quokka (D:2)
  6 bats
  3 frilled lizards (D:1)
  6 kobolds
  8 rats
57 creatures vanquished.

Notes
Turn   | Place    | Note
-------+----------+-------------------------------------------
     0 | D:1      | slep the Demonspawn Gladiator began the quest for the Orb.
     0 | D:1      | Reached XP level 1. HP: 16/16 MP: 1/1
   124 | D:1      | Gained mutation: You have large cloven feet. [demonic ancestry]
   124 | D:1      | Reached XP level 2. HP: 15/22 MP: 2/2
   133 | D:1      | Reached skill level 3 in Axes
   672 | D:2      | Gained mutation: You are partially covered in large bone plates. (SH +4) [demonic ancestry]
   672 | D:2      | Reached XP level 3. HP: 19/27 MP: 3/3
   737 | D:2      | Reached skill level 1 in Armour
   820 | D:2      | Noticed Terence
  1158 | D:2      | Reached XP level 4. HP: 28/34 MP: 4/4
  1193 | D:2      | Noticed Natasha
  1205 | D:2      | Killed Natasha
  1390 | D:2      | Noticed Natasha
  1400 | D:2      | Killed Natasha
  1400 | D:2      | Reached skill level 4 in Axes
  1445 | D:3      | Reached XP level 5. HP: 21/39 MP: 5/5
  1538 | D:3      | Slain by an adder

Skill      XL: |  1  2  3  4 |
---------------+-------------+-----
Axes           | 3 4 |  4.2
Dodging        | 3 |  3.3
Armour         | 1 |  1.8
Fighting       | |  2.4
Throwing       | |  1.7

Action                   |  1- 3 |  4- 6 || total
-------------------------+-------+-------++-------
Melee: War axe           |   109 |    41 ||   150
       Kick              |    13 |    10 ||    23
  Eat: Chunk             |     1 |     1 ||     2
Armor: Leather armour    |    24 |    12 ||    36
Dodge: Dodged            |    81 |    57 ||   138
Block: Other             |    16 |    14 ||    30
